 Dungeon Crawl Stone Soup version 0.17.0-24-gcfadda4 (webtiles) character file.

1016 Ohshi the Magician (level 8, -12/43 HPs)
             Began as a Deep Elf Fire Elementalist on Nov 16, 2015.
             Shot with a sling bullet by Joseph (17 damage)
             ... on level 7 of the Dungeon.
             The game lasted 00:34:24 (5993 turns).

Ohshi the Magician (Deep Elf Fire Elementalist)     Turns: 5993, Time: 00:34:25

Health: -12/43     AC:  4    Str:  5    XL:     8   Next: 1%
Magic:  15/20      EV: 14    Int: 23    God:
Gold:   108        SH:  0    Dex: 15    Spells: 5 memorised, 7 levels left

rFire  . . .     SeeInvis .     g - +3 mace
rCold  . . .     Clarity  .     a - +1 robe
rNeg   . . .     SustAt   .     (no shield)
rPois  .         Gourm    .     m - +0 helmet
rElec  .         Spirit   .     (no cloak)
rCorr  .         Warding  .     (no gloves)
rMut   .         Stasis   .     (no boots)
MR     .....                    (no amulet)
Stlth  ++........               (no ring)
                                (no ring)

@: not resistant to hostile enchantments, unstealthy
A: no striking features
a: no special abilities


You were on level 7 of the Dungeon.
You were not hungry.

You visited 1 branch of the dungeon, and saw 7 of its levels.

You collected 163 gold pieces.
You spent 55 gold pieces at shops.

Inventory:

Hand Weapons
 g - a +3 mace (weapon)
 u - a +1 short sword
Armour
 a - a +1 robe (worn)
 m - a +0 helmet (worn)
Scrolls
 k - 2 scrolls of remove curse
 o - 4 scrolls of identify
Potions
 i - 3 potions of cancellation {unknown}
 l - 2 potions of agility {unknown}
 p - a potion of berserk rage {unknown}
 q - a potion of resistance {unknown}
 s - a potion of brilliance {unknown}
Books
 b - a book of Flames

   Spells                             Type                      Level
   a - Flame Tongue                   Conjuration/Fire             1
   b - Throw Flame                    Conjuration/Fire             2
   c - Conjure Flame                  Conjuration/Fire             3
   d - Inner Flame                    Hexes/Fire                   3
   e - Sticky Flame                   Conjuration/Fire             4
   f - Fireball                       Conjuration/Fire             5
 t - a Fen Folio

   Spells                             Type                      Level
   a - Corpse Rot                     Necromancy                   2
   b - Stone Arrow                    Conjuration/Earth            3
   c - Leda's Liquefaction            Hexes/Earth                  4
   d - Summon Forest                  Summoning/Translocation      5
   e - Hydra Form                     Transmutation                6
   f - Summon Hydra                   Summoning                    7
Comestibles
 c - 4 bread rations
 d - 4 fruits
 r - 2 meat rations


   Skills:
 + Level 1.3 Fighting
 + Level 0.2 Maces & Flails
 + Level 4.1 Dodging
 + Level 3.6 Stealth
 + Level 6.7 Spellcasting
 + Level 5.0 Conjurations
 + Level 6.4 Fire Magic


You had 7 spell levels left.
You knew the following spells:

 Your Spells              Type           Power        Failure   Level  Hunger
a - Flame Tongue          Conj/Fire      ####.        1%          1    None
b - Throw Flame           Conj/Fire      ####..       1%          2    None
c - Conjure Flame         Conj/Fire      ####....     2%          3    None
d - Sticky Flame          Conj/Fire      ####....     10%         4    ###....
e - Stone Arrow           Conj/Erth      ###...       10%         3    None


Dungeon Overview and Level Annotations

Branches:
Dungeon (7/15)
 Temple: D:4-7

Altars:
Ashenzari
Makhleb
Nemelex Xobeh
Vehumet
Yredelemnul

Shops:
D:5 !

Annotations:
D:7 Joseph


Message History

Joseph shoots a sling bullet.
The sling bullet hits you!
* * * LOW HITPOINT WARNING * * *
Drink which item? (? for menu, Esc to quit)
Okay, then.
Casting: Flame Tongue
Confirm with . or Enter, or press ? or * to list all spells.
Aiming: Flame Tongue
Press: ? - help, Shift-Dir - straight line, f/p - Joseph
Aim: Joseph, wielding a hunting sling and wearing a leather armour (moderately wounded)
The flame tongue hits Joseph.
Joseph is heavily wounded.
Casting: Flame Tongue
Confirm with . or Enter, or press ? or * to list all spells.
Aiming: Flame Tongue
Press: ? - help, Shift-Dir - straight line, f/p - Joseph
Aim: Joseph, wielding a hunting sling and wearing a leather armour (heavily wounded)
The flame tongue hits Joseph.
Joseph is heavily wounded.
Joseph shoots a sling bullet.
The sling bullet hits you!
You die...

### #.## #######
#..# ##.....####
#..#####..........
#@................
#.............##..
#(..........######
##@.........##
#(.........##
#............#
..............##
#..............#
#..@...........#


You could see Joseph.

Vanquished Creatures
  An orc warrior (D:6)
  An ice beast (D:5)
  2 ogres
  A phantom (D:6)
  A wight (D:6)
  A giant frog skeleton (D:5)
  3 hounds
  4 orc wizards
  An orc priest (D:6)
  An iguana (D:4)
  3 worker ants
  A hound skeleton (D:5)
  7 adders
  2 shadow imps (D:5)
  An ooze (D:3)
  An adder skeleton (D:4)
  2 worms
  14 orcs
  5 giant cockroaches
  5 goblins
  4 hobgoblins
  8 kobolds
  2 quokkas (D:5)
  6 bats
  A giant cockroach zombie (D:5)
  6 giant geckos
  A giant gecko skeleton (D:5)
  A giant newt (D:2)
  4 jackals (D:4)
  5 rats
95 creatures vanquished.

Notes
Turn   | Place    | Note
--------------------------------------------------------------
     0 | D:1      | Ohshi the Deep Elf Fire Elementalist began the quest for the Orb.
     0 | D:1      | Reached XP level 1. HP: 10/10 MP: 6/6
   267 | D:1      | Reached XP level 2. HP: 15/15 MP: 5/8
   686 | D:2      | Found a basalt altar of Yredelemnul.
   812 | D:2      | Reached skill level 4 in Fire Magic
   817 | D:2      | Found a burning altar of Makhleb.
   817 | D:2      | Found a radiant altar of Vehumet.
   871 | D:2      | Learned a level 2 spell: Throw Flame
  1180 | D:2      | Reached XP level 3. HP: 19/19 MP: 1/9
  1985 | D:3      | Reached XP level 4. HP: 24/24 MP: 8/11
  2030 | D:3      | Learned a level 3 spell: Conjure Flame
  2497 | D:4      | Learned a level 4 spell: Sticky Flame
  2523 | D:4      | Noticed an ogre
  2534 | D:4      | Killed an ogre
  2534 | D:4      | Reached skill level 5 in Fire Magic
  2534 | D:4      | Reached XP level 5. HP: 25/28 MP: 0/13
  2651 | D:4      | Found a shattered altar of Ashenzari.
  2836 | D:4      | Reached skill level 1 in Fighting
  2836 | D:4      | Reached XP level 6. HP: 11/34 MP: 0/15
  3621 | D:4      | Reached skill level 5 in Spellcasting
  3843 | D:5      | Entered Level 5 of the Dungeon
  4199 | D:5      | Reached XP level 7. HP: 8/38 MP: 10/17
  4547 | D:5      | Found Deilir's Distillery.
  4554 | D:5      | Bought a potion of heal wounds for 55 gold pieces
  4891 | D:5      | Reached skill level 6 in Spellcasting
  5437 | D:6      | Found a sparkling altar of Nemelex Xobeh.
  5535 | D:7      | Learned a level 3 spell: Stone Arrow
  5583 | D:6      | Reached skill level 5 in Conjurations
  5652 | D:7      | Reached XP level 8. HP: 6/43 MP: 0/20
  5978 | D:7      | Noticed Joseph
  5993 | D:7      | Shot with a sling bullet by Joseph

Action                   |  1- 3 |  4- 6 |  7- 9 || total
-------------------------+-------+-------+-------++-------
Melee: Mace              |       |       |     8 ||     8
 Cast: Flame Tongue      |    69 |    87 |    55 ||   211
       Throw Flame       |       |     5 |     1 ||     6
       Sticky Flame      |       |     7 |     7 ||    14
       Conjure Flame     |       |     2 |     8 ||    10
  Use: Scroll            |       |     5 |     5 ||    10
       Potion            |       |     1 |     2 ||     3
  Eat: Bread ration      |     1 |     1 |       ||     2
       Pizza             |     1 |     1 |       ||     2
       Beef jerky        |       |     1 |       ||     1
       Meat ration       |       |       |     1 ||     1
